 Dungeon Crawl Stone Soup version 0.28-a0-95-g65e1ffefe4 (webtiles) character file.

Game seed: 15030942495131770409

319 Gargoyl the Skirmisher (level 6, -2/53 HPs)
             Began as a Gnoll Abyssal Knight on Aug 8, 2021.
             Was a Believer of Lugonu.
             Slain by Edmund (7 damage)
             ... on level 4 of the Dungeon.
             The game lasted 00:04:09 (3298 turns).

Gargoyl the Skirmisher (Gnoll Abyssal Knight)       Turns: 3298, Time: 00:04:09

Health: -2/53      AC:  4    Str: 13      XL:     6   Next: 46%
Magic:  9/9        EV: 12    Int: 11 (12) God:    Lugonu [**....]
Gold:   129        SH:  0    Dex: 11      Spells: 9/9 levels left

rFire   . . .      SeeInvis .   a - +1 hand axe
rCold   . . .      Faith    .   (no shield)
rNeg    . . .      Spirit   .   b - +1 leather armour
rPois   .          Reflect  .   (no helmet)
rElec   .          Harm     .   (no cloak)
rCorr   .          Rampage  .   (no gloves)
Will    .....                   (no boots)
Stlth   ++........              e - amulet of magic regeneration
HPRegen 0.17/turn               (no ring)
MPRegen 0.36/turn               (no ring)

@: attractive
A: fangs 1, strong nose, distributed training
a: Renounce Religion, Depart the Abyss, Bend Space


You were on level 4 of the Dungeon.
You worshipped Lugonu.
Lugonu was pleased with you.
You visited 1 branch of the dungeon, and saw 4 of its levels.
You visited the Abyss 1 time.

You collected 129 gold pieces.

Inventory:

Hand Weapons
 a - a +1 hand axe (weapon)
Armour
 b - a +1 leather armour (worn)
Jewellery
 e - an amulet of magic regeneration (around neck)
Scrolls
 d - 2 scrolls of fog
 j - 2 scrolls of enchant armour
Miscellaneous
 c - a lightning rod (3/4)


   Skills:
 + Level 6.8 Fighting
 + Level 2.0 Short Blades
 + Level 2.0 Long Blades
 + Level 5.0 Axes
 + Level 2.0 Maces & Flails
 + Level 2.0 Polearms
 + Level 2.0 Staves
 + Level 2.0 Slings
 + Level 2.0 Bows
 + Level 2.0 Crossbows
 + Level 2.0 Throwing
 + Level 5.0 Armour
 + Level 3.2 Dodging
 + Level 2.0 Stealth
 + Level 2.0 Shields
 + Level 2.0 Unarmed Combat
 + Level 2.0 Spellcasting
 + Level 1.5 Conjurations
 + Level 1.5 Hexes
 + Level 1.5 Summonings
 + Level 1.5 Necromancy
 + Level 1.5 Translocations
 + Level 1.5 Transmutations
 + Level 1.5 Fire Magic
 + Level 1.5 Ice Magic
 + Level 1.5 Air Magic
 + Level 1.5 Earth Magic
 + Level 1.5 Poison Magic
 + Level 5.1 Invocations
 + Level 2.0 Evocations


You had 9 spell levels left.
You didn't know any spells.
Your spell library was empty.

Dungeon Overview and Level Annotations

Branches:
Dungeon (4/15)
 Temple: D:4-7

Altars:
Dithmenos
Nemelex Xobeh

Annotations:
D:4 Edmund


Innate Abilities, Weirdness & Mutations

You have very sharp teeth.
Your uncanny sense of smell can sniff out nearby items.
Your experience applies equally to all skills.


Message History

The gnoll barely misses you.
You slash the gnoll!
The gnoll is almost dead.
The gnoll hits you with a +0 spear.
You barely miss the gnoll.
The gnoll is almost dead.
The gnoll hits you with a +0 spear!
Edmund drinks a potion.
Edmund seems to speed up.
You hit the gnoll but do no damage.
The gnoll is almost dead.
The gnoll hits you with a +0 spear.
You hit the gnoll.
You kill the gnoll!
Lugonu accepts your kill.
Unknown command.
You feel better. The orc misses you.
You feel better. The orc barely misses you.
You hit the orc. You bite the orc.
The orc is moderately wounded.
The orc hits you with a +0 war axe.
You slash the orc!
You kill the orc!
Lugonu accepts your kill.
You completely miss Edmund. Edmund misses you.
An orc comes into view. It is wielding a +0 club.
Edmund barely misses you. The orc is pulled toward you!
You hit Edmund but do no damage.
Edmund hits you with a +2 flail of holy wrath!
You closely miss Edmund. Edmund misses you.
Edmund hits you with a +2 flail of holy wrath.
You hit Edmund.
Edmund is lightly wounded.
Edmund hits you with a +2 flail of holy wrath!
* * * LOW HITPOINT WARNING * * *
Edmund hits you with a +2 flail of holy wrath!
* * * LOW HITPOINT WARNING * * *
You hit Edmund but do no damage.
Edmund is lightly wounded.
Edmund hits you with a +2 flail of holy wrath!
You die... # .# ####### ######.# ....... #..)...# gog....

∆#..)...# .....
∆##)###.# ...
∆#....#.#
######'###....# #
#......o@@....#
###############∆∆
∆ ∆


You could see Edmund (fast) and an orc.

Vanquished Creatures
  A chaos spawn (Abyss:2)
  An ogre zombie (Abyss:2)
  4 gnolls (D:4)
  4 adders
  2 white imps
  2 worms (D:2)
  2 dart slugs
  5 orcs
  5 endoplasms
  2 giant cockroaches
  3 goblins (D:1)
  6 hobgoblins
  5 jackals (D:1)
  9 kobolds
  3 quokkas
  3 ball pythons
  7 bats
  4 frilled lizards
  5 rats
73 creatures vanquished.

Notes
Turn   | Place    | Note
-------+----------+-------------------------------------------
     0 | Abyss:1  | Gargoyl the Gnoll Abyssal Knight began the quest for the
                  | Orb.
     0 | Abyss:1  | Reached XP level 1. HP: 23/23 MP: 3/3
    27 | Abyss:2  | Noticed a chaos spawn
    30 | Abyss:2  | Killed a chaos spawn
    31 | Abyss:2  | Reached skill level 1 in Short Blades
    31 | Abyss:2  | Reached skill level 1 in Long Blades
    31 | Abyss:2  | Reached skill level 1 in Maces & Flails
    31 | Abyss:2  | Reached skill level 1 in Polearms
    31 | Abyss:2  | Reached skill level 1 in Staves
    31 | Abyss:2  | Reached skill level 1 in Slings
    31 | Abyss:2  | Reached skill level 1 in Bows
    31 | Abyss:2  | Reached skill level 1 in Crossbows
    31 | Abyss:2  | Reached skill level 1 in Throwing
    31 | Abyss:2  | Reached skill level 1 in Stealth
    31 | Abyss:2  | Reached skill level 1 in Shields
    31 | Abyss:2  | Reached skill level 1 in Unarmed Combat
    31 | Abyss:2  | Reached skill level 1 in Spellcasting
    31 | Abyss:2  | Reached skill level 1 in Conjurations
    31 | Abyss:2  | Reached skill level 1 in Hexes
    31 | Abyss:2  | Reached skill level 1 in Summonings
    31 | Abyss:2  | Reached skill level 1 in Necromancy
    31 | Abyss:2  | Reached skill level 1 in Translocations
    31 | Abyss:2  | Reached skill level 1 in Transmutations
    31 | Abyss:2  | Reached skill level 1 in Fire Magic
    31 | Abyss:2  | Reached skill level 1 in Ice Magic
    31 | Abyss:2  | Reached skill level 1 in Air Magic
    31 | Abyss:2  | Reached skill level 1 in Earth Magic
    31 | Abyss:2  | Reached skill level 1 in Poison Magic
    31 | Abyss:2  | Reached skill level 1 in Evocations
    31 | Abyss:2  | Reached XP level 2. HP: 29/29 MP: 5/5
    31 | Abyss:2  | Reached XP level 3. HP: 35/35 MP: 6/6
    31 | Abyss:2  | Reached XP level 4. HP: 41/41 MP: 7/7
    31 | Abyss:2  | Reached XP level 5. HP: 47/47 MP: 8/8
    51 | Abyss:2  | Noticed a necromancer
    59 | Abyss:2  | Noticed a flying skull
    62 | Abyss:2  | Noticed a flying skull
    64 | Abyss:2  | Noticed a neqoxec
    67 | D:1      | Escaped the Abyss
   194 | D:1      | Reached * piety under Lugonu
  1483 | D:2      | Reached skill level 5 in Invocations
  1896 | D:3      | Found a sparkling altar of Nemelex Xobeh.
  1903 | D:3      | Reached XP level 6. HP: 53/53 MP: 9/9
  2305 | D:3      | Reached ** piety under Lugonu
  2756 | D:3      | Found a shadowy altar of Dithmenos.
  3269 | D:4      | Reached skill level 5 in Axes
  3269 | D:4      | Reached skill level 5 in Armour
  3284 | D:4      | Noticed Edmund
  3298 | D:4      | Slain by Edmund

Illustrated notes

Levels and vault maps discovered:
D:1:      amcnicky_arrival_wind_blow, layout_basic
D:2:      layout_loops_cross
D:3:      minmay_skewed_foursquare, layout_rooms,
          mainiacjoe_overflow_cross_hatched, grunt_dithmenos_smoke_and_mirrors
D:4:      lemuel_castle_with_subvaults [lemuel_castle_interior_carwin_1],
          layout_loops_cross, minmay_temple_entry_slanted, serial_glass,
          glass_columns_a, glass_columns_b, minmay_unequal, uniq_edmund,
          uniq_natasha

Skill      XL: |  1  2  3  4  5  6 |
---------------+-------------------+-----
Short Blades   | 1 2 |  2.0
Long Blades    | 1 2 |  2.0
Maces & Flails | 1 2 |  2.0
Polearms       | 1 2 |  2.0
Staves         | 1 2 |  2.0
Slings         | 1 2 |  2.0
Bows           | 1 2 |  2.0
Crossbows      | 1 2 |  2.0
Throwing       | 1 2 |  2.0
Stealth        | 1 2 |  2.0
Shields        | 1 2 |  2.0
Unarmed Combat | 1 2 |  2.0
Spellcasting   | 1 2 |  2.0
Conjurations   | 1 |  1.5
Hexes          | 1 |  1.5
Summonings     | 1 |  1.5
Necromancy     | 1 |  1.5
Translocations | 1 |  1.5
Transmutations | 1 |  1.5
Fire Magic     | 1 |  1.5
Ice Magic      | 1 |  1.5
Air Magic      | 1 |  1.5
Earth Magic    | 1 |  1.5
Poison Magic   | 1 |  1.5
Evocations     | 1 2 |  2.0
Dodging        | 3 |  3.2
Invocations    | 5 |  5.1
Axes           | 5 |  5.0
Armour         | 5 |  5.0
Fighting       | |  6.8

Action                   |  1- 3 |  4- 6 || total
-------------------------+-------+-------++-------
Melee: Hand axe          |       |   215 ||   215
       Bite              |       |    11 ||    11
       Punch             |       |     2 ||     2
Invok: Depart the Abyss  |       |     1 ||     1
Evoke: Lightning rod     |     2 |     4 ||     6
  Use: Scroll            |       |     8 ||     8
       Potion            |       |     6 ||     6
 Stab: Sleeping          |       |     4 ||     4
Armor: Leather armour    |       |    49 ||    49
Dodge: Dodged            |       |   163 ||   163

Table legend: (Time is in decaauts)
 A = Elapsed time spent in this place.
 B = Non-inter-level travel time spent in this place.
 C = Inter-level travel time spent in this place.
 D = Time resting spent in this place.
 E = Time spent auto-exploring this place.
 F = Levels seen in this place.
 G = Mean time per level.
                   A        B        C        D        E       F      G
               +--------+--------+--------+--------+--------+-----+--------+
         Total |   3306 |   3245 |     61 |    394 |   2286 |   6 |  551.0 |
       Dungeon |   3240 |   3179 |     61 |    394 |   2264 |   4 |  810.0 |
         Abyss |     66 |     66 |      0 |      0 |     22 |   2 |   33.0 |
               +--------+--------+--------+--------+--------+-----+--------+

Top non-repeatable levels by time:
     D:3: 1145 daAuts
     D:2: 1076 daAuts
     D:1: 756 daAuts
     D:4: 261 daAuts
 Abyss:2: 60 daAuts
 Abyss:1: 6 daAuts
